 Dungeon Crawl Stone Soup version 0.28-a0-909-g796cbd3a86 (webtiles) character file.

Game seed: 2858107660395134173

39 ragingrage the Chopper (level 3, -3/28 HPs)
             Began as a Palentonga Warper on Nov 24, 2021.
             Slain by a worm (6 damage)
             ... on level 3 of the Dungeon.
             The game lasted 00:01:39 (1435 turns).

ragingrage the Chopper (Palentonga Warper)          Turns: 1435, Time: 00:01:39

Health: -3/28      AC:  6    Str: 14    XL:     3   Next: 28%
Magic:  6/6        EV:  7    Int: 13    God:
Gold:   88         SH:  0    Dex: 10    Spells: 6/6 levels left

rFire   . . .      SeeInvis +   a - +0 hand axe
rCold   . . .      Faith    .   (no shield)
rNeg    . . .      Spirit   .   e - +0 scale mail
rPois   .          Reflect  .   (no helmet)
rElec   .          Harm     .   (no cloak)
rCorr   .          Rampage  .   (no gloves)
Will    .....                   (no barding)
Stlth   ..........              g - amulet of magic regeneration
HPRegen 0.09/turn               (no ring)
MPRegen 0.35/turn               (no ring)

@: no status effects
A: large, rugged brown scales 3, see invisible, deformed body, roll 1, armoured
tail
a: Rolling Charge


You were on level 3 of the Dungeon.
You visited 1 branch of the dungeon, and saw 3 of its levels.

You collected 88 gold pieces.

Inventory:

Hand Weapons
 a - a +0 hand axe (weapon)
Missiles
 d - 3 boomerangs of dispersal (quivered)
Armour
 e - a +0 scale mail (worn)
Jewellery
 g - an amulet of magic regeneration (around neck)
Scrolls
 b - a scroll of amnesia {unknown}
 c - a scroll of blinking
 f - a scroll of identify {unknown}


   Skills:
 - Level 2.0 Fighting
 * Level 3.8 Axes
 - Level 0.6 Throwing
 - Level 0.7 Armour
 - Level 1.5 Dodging
 - Level 2.0 Spellcasting
 - Level 3.0 Translocations


You had 6 spell levels left.
You didn't know any spells.
Your spell library contained the following spells:

 Spells                   Type           Power      Damage    Failure   Level
 Blink                    Tloc           18%        N/A       43%         2
 Gell's Gravitas          Tloc           9%         N/A       67%         3
 Lesser Beckoning         Tloc           9%         N/A       67%         3
 Teleport Other           Tloc           9%         N/A       67%         3
 Manifold Assault         Tloc           9%         N/A       100%        5


Dungeon Overview and Level Annotations

Branches:
Dungeon (3/15)

Altars:

Annotations:
D:2 Terence


Innate Abilities, Weirdness & Mutations

You are completely covered in rugged brown scales. (AC +3, +7% HP)
You have supernaturally acute eyesight. (SInv)
Armour fits poorly on your strangely shaped body.
You can roll at nearby foes to attack.
You have a long armoured tail.


Message History

A worm is nearby!
You hit the worm.
The worm is lightly wounded.
You barely miss the worm.
You tail-slap the worm, but do no damage.
The worm is lightly wounded.
The worm barely misses you.
You barely miss the worm. The worm bites you but does no damage.
You hit the worm but do no damage. You hit the worm but do no damage.
The worm bites you.
You hit the worm.
Your tail-slap misses the worm.
The worm is lightly wounded.
The worm bites you.
You hit the worm.
The worm is moderately wounded.
The worm bites you.
You are too injured to fight recklessly!
You are too injured to fight recklessly!
You are too injured to fight recklessly!
You are too injured to fight recklessly!
You are too injured to fight recklessly!
You are too injured to fight recklessly!
You barely miss the worm.
Your tail-slap misses the worm.
The worm is moderately wounded.
You hit the worm.
The worm is heavily wounded.
The worm bites you but does no damage.
You hit the worm.
The worm is severely wounded.
The worm bites you.
There is a stone staircase leading up here.
You hit the worm.
The worm is almost dead.
The worm bites you!
* * * LOW HITPOINT WARNING * * *
Found a stone staircase leading down.
You completely miss the worm.
Your tail-slap misses the worm.
The worm is severely wounded.
The worm bites you.
You die...

# ####.#
#......
.......
#######.......
#....<#.......
#....w@.......
#.....##......
#.....# ....#
#.....# ...#
#.....# ...
#...:.# ##
>...#### ###.
#.


You could see a worm.

Vanquished Creatures
  A dart slug (D:1)
  6 ball pythons (D:1)
  2 endoplasms (D:1)
  A giant cockroach (D:2)
  5 goblins
  3 jackals (D:2)
  2 quokkas (D:1)
  4 bats
  5 kobolds
  6 rats
35 creatures vanquished.

Notes
Turn   | Place    | Note
-------+----------+-------------------------------------------
     0 | D:1      | ragingrage the Palentonga Warper began the quest for the
                  | Orb.
     0 | D:1      | Reached XP level 1. HP: 17/17 MP: 3/3
   286 | D:1      | Reached XP level 2. HP: 18/23 MP: 5/5
  1020 | D:2      | Reached XP level 3. HP: 28/28 MP: 6/6
  1296 | D:2      | Noticed Terence
  1435 | D:3      | Slain by a worm

Illustrated notes

Levels and vault maps discovered:
D:1:      lightli_molten_gateway, layout_basic, minmay_tromino_i4
D:2:      layout_basic, uniq_terence
D:3:      layout_basic, mainiacjoe_overflow_concentric_impassable, serial_shops,
          shop, nicolae_concentric_dashed_squares_wild

Skill      XL: |  1  2 |
---------------+-------+-----
Axes           | 3 |  3.8
Fighting       | |  2.0
Throwing       | |  0.6
Armour         | |  0.7
Dodging        | |  1.5
Spellcasting   | |  2.0
Translocations | |  3.0

Action                   || total
-------------------------++-------
Melee: Hand axe          ||   112
       Tailslap          ||    10
Throw: Boomerang         ||     2
 Abil: Rolling Charge    ||     5
Armor: Leather armour    ||     7
       Scale mail        ||    49
Dodge: Dodged            ||    40

Table legend: (Time is in decaauts)
 A = Elapsed time spent in this place.
 B = Non-inter-level travel time spent in this place.
 C = Inter-level travel time spent in this place.
 D = Time resting spent in this place.
 E = Time spent auto-exploring this place.
 F = Levels seen in this place.
 G = Mean time per level.
                   A        B        C        D        E       F      G
               +--------+--------+--------+--------+--------+-----+--------+
         Total |   1452 |   1351 |    101 |     40 |   1003 |   3 |  484.0 |
       Dungeon |   1452 |   1351 |    101 |     40 |   1003 |   3 |  484.0 |
               +--------+--------+--------+--------+--------+-----+--------+

Top non-repeatable levels by time:
     D:1: 1101 daAuts
     D:2: 329 daAuts
     D:3: 21 daAuts
